AoeStats
← Sodythaek

Nomad

510095165Analyzed
3v3 RM · 4d ago on Sep 29, 2026· 49m 19s· 6 players
Game mode
Random Map
Map size
210×210
Population
200
Speed
Normal
Resources
Standard
Victory
Conquest
Starting age
Dark Age
Ending age
Imperial Age
RankedLock teamsTeams togetherTeam positionsShared explorationLock speedFull tech treeHidden civsTurbo modeCheats
Victory
Defeat
🇪🇸 Turks · Spain
1416
+10
🇪🇸 Lithuanians · Spain
1324
+14
🇪🇸 Berbers · Spain
1236
+18
🇫🇷 Saxons · France
1321
-16
🇮🇳 Bulgarians · India
1275
-14
🇬🇧 Spanish · United Kingdom
1239
-12
maniaaaaaac
3:18 Loom
15:10 Feudal Age
20:09 Castle Age
18:07 Fishing Lines
18:27 Double-Bit Axe
18:56 Fletching
19:17 Stone Mining
21:09 Bodkin Arrow
21:57 Gillnets
24:45 Bow Saw
31:38 Padded Archer Armor
31:39 Elite Skirmisher
34:20 Leather Archer Armor
36:44 Wheelbarrow
40:28 Ballistics
42:49 Imperial Age
41:33 Scale Barding Armor
41:39 Forging
42:58 Husbandry
43:55 Chain Barding Armor
44:10 Iron Casting
44:24 Conscription
44:40 Cavalier
45:31 Bloodlines
Sodythaek
6:05 Loom
13:34 Feudal Age
17:15 Double-Bit Axe
17:22 Gold Mining
22:12 Castle Age
21:09 Fletching
21:20 Padded Archer Armor
22:07 Fishing Lines
23:07 Bloodlines
22:57 Husbandry
23:02 Bodkin Arrow
23:23 Leather Archer Armor
23:03 Horse Collar
23:35 Bow Saw
26:17 Ballistics
27:49 Thumb Ring
29:36 Stone Mining
31:20 Heavy Plow
34:47 Wheelbarrow
33:58 Town Watch
42:02 Imperial Age
39:55 Hand Cart
45:18 Heavy Mounted Crossbowman
45:18 Cranequins
Kiki da 1.75Handed
5:29 Loom
12:17 Feudal Age
18:06 Castle Age
16:59 Fletching
22:21 Stone Mining
27:17 Bodkin Arrow
31:14 Bloodlines
31:10 Padded Archer Armor
32:27 Husbandry
34:47 Double-Bit Axe
39:47 Fishing Lines
45:11 Town Watch
49:52 Imperial Age
52:05 Imperial Age
SuterOne
7:28 Loom
13:30 Feudal Age
14:21 Double-Bit Axe
19:10 Castle Age
18:52 Wheelbarrow
19:27 Horse Collar
21:21 Bow Saw
22:37 Stone Mining
22:40 Gold Mining
25:18 Scale Barding Armor
25:29 Fletching
26:53 Town Watch
28:41 Bloodlines
34:58 Imperial Age
34:10 Ballistics
33:33 Treadmill Crane
34:10 Heavy Plow
34:38 Kasbah
36:57 Chemistry
35:58 Bodkin Arrow
36:31 Chain Barding Armor
36:41 Hand Cart
37:02 Conscription
38:29 Plate Barding Armor
37:56 Bracer
39:11 Husbandry
38:35 Light Cavalry
39:45 Forging
40:02 Hussar
41:44 Iron Casting
43:25 Blast Furnace
42:42 Town Patrol
43:09 Arson
|GaoeG| flamingo
3:52 Loom
14:57 Feudal Age
16:10 Double-Bit Axe
18:57 Castle Age
17:00 Horse Collar
18:42 Town Watch
23:51 Wheelbarrow
24:51 Bow Saw
34:25 Stone Mining
34:29 Gold Mining
45:44 Imperial Age
43:50 Wheelbarrow
44:58 Scale Barding Armor
45:24 Hand Cart
45:49 Forging
46:46 Stone Shaft Mining
46:52 Chain Barding Armor
47:06 Conscription
47:42 Hill Forts
48:25 Plate Barding Armor
48:25 Iron Casting
JITANOmaleant7
4:50 Loom
13:20 Feudal Age
19:00 Castle Age
16:50 Double-Bit Axe
17:06 Gold Mining
31:26 Imperial Age
30:27 Padded Archer Armor
31:38 Wheelbarrow
32:31 Leather Archer Armor
Connection lost

Rejoining the realm…

Still unreachable

The connection could not be restored.

Session expired

The server has moved on; the page needs a fresh start.